 Dungeon Crawl Stone Soup version 0.30.1-11-g7821555f0a (webtiles) character file.

Game seed: 16095775970607980862

102 hawla the Conjurer (level 4, -3/49 HPs)
             Began as a Draconian Conjurer on Jan 11, 2024.
             Slain by a gnoll
             ... wielding a +0 halberd
              (9 damage)
             ... on level 4 of the Dungeon.
             The game lasted 00:07:30 (2716 turns).

hawla the Conjurer (Draconian Conjurer)             Turns: 2716, Time: 00:07:31

Health: -3/49      AC:  8    Str:  9    XL:     4   Next: 49%
Magic:  7/7        EV: 12    Int: 20    God:
Gold:   33         SH:  0    Dex: 10    Spells: 0/7 levels left

rFire   . . .        i - staff of poison
rCold   . . .        (no shield)
rNeg    . . .        (body armour unavailable)
rPois   +            (helmet restricted)
rElec   .            (no cloak)
rCorr   .            q - +0 pair of gloves
SInv    .            c - +1 pair of boots
Will    +....        (no amulet) Stlth
                     n - ring of willpower
HPRegen 0.28/turn    (no ring)
MPRegen 0.10/turn

%: no passive effects
@: berserking (expiring), very slightly contaminated, very quick
A: AC +5, unfitting armour, cold-blooded
a: no special abilities


You were on level 4 of the Dungeon.
You visited 1 branch of the dungeon, and saw 4 of its levels.

You collected 163 gold pieces.
You spent 130 gold pieces at shops.

Inventory:

Armour
 c - a +1 pair of boots (worn)
 q - a +0 pair of gloves (worn)
Magical Staves
 i - a staff of poison (weapon)
Jewellery
 f - an amulet of guardian spirit
 n - a ring of willpower (left hand)
 o - a ring of fire
Scrolls
 d - 2 scrolls of amnesia
 h - a scroll of fog
 p - a scroll of butterflies {unknown}
 s - a scroll of identify
Potions
 b - 2 potions of ambrosia
 e - 3 potions of degeneration {unknown}
 j - a potion of resistance
 k - a potion of brilliance {unknown}
 l - a potion of mutation {unknown}
 m - 2 potions of curing {unknown}
 r - 2 potions of heal wounds {unknown}


   Skills:
 - Level 2.6 Staves
 - Level 1.9 Dodging
 - Level 1.7 Stealth
 - Level 2.1 Spellcasting
 - Level 4.4 Conjurations
 * Level 1.3 Poison Magic
 * Level 1.2 Evocations


You couldn't memorise any spells.
You knew the following spells:

 Your Spells              Type           Power      Damage    Failure   Level
a - Magic Dart            Conj           76%        1d6       2%          1
b - Searing Ray           Conj           38%        2d5       3%          2
c - Iskenderun's Mystic   Conj/Tloc      11%        2d4       52%         4

Your spell library contained the following spells:

 Spells                   Type           Power      Damage    Failure   Level
 Momentum Strike          Conj/Tloc      22%        3d8       10%         2
 Dazzling Flash           Conj/Hex       20%        N/A       19%         3
 Blink                    Tloc           4%         N/A       24%         2
 Lesser Beckoning         Tloc           4%         N/A       24%         2
 Fulminant Prism          Conj/Hex       5%         3d7       54%         4


Dungeon Overview and Level Annotations

Branches:
Dungeon (4/15)
 Temple: D:4-7

Altars:
Hepliaklqana
Kikubaaqudgha

Shops:
D:3 [


Innate Abilities, Weirdness & Mutations

Your plain brown scales are hard. (AC +5)
You cannot fit into any form of body armour.
You are cold-blooded and may be slowed by cold attacks.


Message History

The gnoll hits you from afar with a +0 halberd.
The hound bites you but does no damage. The gnoll hits you with a +0 whip. x2
The gnoll hits you but does no damage.
You hit the hound!
The hound is heavily wounded.
You closely miss the hound.
Your tail-slap misses the hound.
The hound is heavily wounded.
The hound closely misses you.
The gnoll hits you from afar with a +0 halberd!
* * * LOW HITPOINT WARNING * * *
The gnoll hits you but does no damage. The gnoll closely misses you. x2
You miss the hound.
The hound is heavily wounded.
The hound bites you.
* * * LOW HITPOINT WARNING * * *
The gnoll barely misses you. The hound misses you.
An ogre comes into view. It is wielding a +0 giant club.
The gnoll barely misses you. x3; The orc closely misses you.
A hobgoblin comes into view.
The ogre shouts!
You hit the hound!
You kill the hound!
Your Poison Magic skill increases to level 1!
Your Evocations skill increases to level 1!
You hit the orc!
You kill the orc!
You are no longer locked in place.
The gnoll misses you. The gnoll barely misses you. x3
You hit the gnoll.
You envenom the gnoll.
The gnoll is poisoned.
The gnoll is severely wounded.
The gnoll hits you from afar with a +0 antimagic spear.
* * * LOW HITPOINT WARNING * * *
The gnoll barely misses you. The gnoll misses you.
The gnoll closely misses you.
You closely miss the hobgoblin. You closely miss the hobgoblin.
The gnoll closely misses you.
The gnoll hits you from afar with a +0 antimagic spear.
* * * LOW HITPOINT WARNING * * *
The gnoll hits you from afar with a +0 halberd!
You die...

## # . #. .# .
#.#####.##.# .
#...........
.).#.....B.....
.......g.......
>....g.@g......
....ggg)).....>
.....##.....###
.... ..#####
..O $## .. .# .
. ..


You could see an ogre, 4 gnolls, a giant cockroach and 2 hobgoblins.

Vanquished Creatures
  A hound (D:4)
  An adder (D:2)
  A worm (D:3)
  A dart slug (D:3)
  An orc (D:4)
  4 ball pythons
  4 endoplasms
  4 giant cockroaches
  2 goblins
  7 hobgoblins
  4 jackals (D:3)
  7 kobolds
  2 quokkas
  4 bats (D:3)
  2 frilled lizards
  5 rats
50 creatures vanquished.

Notes
Turn   | Place    | Note
-------+----------+-------------------------------------------
     0 | D:1      | hawla the Draconian Conjurer began the quest for the Orb.
     0 | D:1      | Reached XP level 1. HP: 14/14 MP: 3/3
   348 | D:1      | Reached XP level 2. HP: 20/20 MP: 0/5
   351 | D:1      | Learned a level 2 spell: Searing Ray
  1147 | D:2      | Reached skill level 1 in Staves
  1147 | D:2      | Reached XP level 3. HP: 26/26 MP: 0/6
  1254 | D:2      | Found a hazy altar of Hepliaklqana.
  2256 | D:3      | Found a faded altar of an unknown god.
  2311 | D:3      | Found Oqoele's Antique Armour Shop.
  2320 | D:3      | Bought a pair of gloves for 130 gold pieces
  2377 | D:3      | Reached XP level 4. HP: 33/33 MP: 7/7
  2422 | D:3      | Learned a level 4 spell: Iskenderun's Mystic Blast
  2614 | D:3      | Found an ancient bone altar of Kikubaaqudgha.
  2711 | D:4      | Noticed an ogre
  2713 | D:4      | Reached skill level 1 in Poison Magic
  2713 | D:4      | Reached skill level 1 in Evocations
  2716 | D:4      | Slain by a gnoll

Illustrated notes

Levels and vault maps discovered:
D:1:      elethiomel_arrival_infinity_welcomes_careful_drivers, layout_basic
D:2:      layout_loops_ring, basic_altar
D:3:      layout_loops_cross, mainiacjoe_overflow_alcove_2, serial_shops, shop,
          ebering_ecumenical_altar_rust, nicolae_concentric_dashed_squares_wild
D:4:      layout_rooms, mainiacjoe_overflow_paths

Skill      XL: |  1  2  3  4 |
---------------+-------------+-----
Staves         | 1 2 |  2.6
Poison Magic   | 1 |  1.3
Evocations     | 1 |  1.2
Dodging        | |  1.9
Stealth        | |  1.7
Spellcasting   | |  2.1
Conjurations   | |  4.4

Action                     |  1- 3 |  4- 6 || total
---------------------------+-------+-------++-------
  Melee: Unarmed           |    17 |       ||    17
         Tailslap          |    11 |       ||    11
         Staff             |    94 |    14 ||   108
   Cast: Magic Dart        |    23 |     2 ||    25
         Searing Ray       |    11 |     1 ||    12
    Use: Scroll            |     9 |     1 ||    10
         Potion            |       |     2 ||     2
   Stab: Sleeping          |     3 |       ||     3
 Armour: Skin              |    54 |     5 ||    59
  Dodge: Dodged            |    76 |    20 ||    96
